 Dungeon Crawl Stone Soup version 0.31-a0-222-gefeffbb62a (webtiles) character file.

Game seed: 1614808551732840176

86 qw the Shooter (level 4, -3/36 HPs)
             Began as a Minotaur Hexslinger on July 5, 2023.
             Killed from afar by Sigmund (5 damage)
             ... with a puff of flame
             ... on level 3 of the Dungeon.
             The game lasted 00:00:40 (1892 turns).

qw the Shooter (Minotaur Hexslinger)                Turns: 1892, Time: 00:00:40

Health: -3/36      AC:  3    Str: 13    XL:     4   Next: 26%
Magic:  4/4        EV: 12    Int: 10    God:
Gold:   109        SH:  0    Dex: 14    Spells: 4/5 levels left

rFire   . . .        Y - +1 sling (drain)
rCold   . . .        (no shield)
rNeg    . . .        i - +0 leather armour
rPois   .            (helmet restricted)
rElec   .            (no cloak)
rCorr   .            (no gloves)
SInv    .            (no boots)
Will    .....        (no amulet)
Stlth   +            (no ring)
HPRegen 0.26/turn    (no ring)
MPRegen 0.09/turn

%: no passive effects
@: no status effects
A: horns 2, retaliatory headbutt
a: no special abilities


You were on level 3 of the Dungeon.
You visited 1 branch of the dungeon, and saw 3 of its levels.

You collected 109 gold pieces.


Innate Abilities, Weirdness & Mutations

You have a pair of horns on your head.
You reflexively headbutt those who attack you in melee.


   Skills:
 - Level 2.0 Fighting
 + Level 4.8 Ranged Weapons
 - Level 2.1 Dodging
 - Level 1.0 Spellcasting
 - Level 2.0 Hexes


You had 4 spell levels left.
You knew the following spells:

 Your Spells              Type           Power      Damage    Failure   Level
a - Slow                  Hex            16%        N/A       19%         1

Your spell library contained the following spells:

 Spells                   Type           Power      Damage    Failure   Level
 Inner Flame              Hex/Fire       2%         N/A       65%         3
 Portal Projectile        Hex/Tloc       4%         N/A       65%         3
 Cause Fear               Hex            2%         N/A       88%         4

Inventory:

Hand Weapons
 c - a +0 sling of flaming
 Y - a +1 sling of draining (weapon)
Armour
 d - a +0 pair of boots
 i - a +0 leather armour (worn)
Jewellery
 j - a ring of wizardry
 k - a ring of willpower
Scrolls
 b - a scroll of identify
 g - a scroll of noise {unknown}
Potions
 a - a potion of curing {unknown}
 e - a potion of attraction {unknown}
 f - a potion of resistance {unknown}
 h - 2 potions of degeneration {unknown}

Dungeon Overview and Level Annotations

Branches:
Dungeon (3/15)

Altars:
Gozag
Nemelex Xobeh

Annotations:
D:3 Sigmund


Message History

There is a stone staircase leading up here.
Sigmund the Dreaded comes into view.
He is wielding a +0 scythe and carrying a wand of flame (4).
Sigmund shouts!
Enter note:
Enter note:
Enter note:
Enter note:
Enter note:
Enter note: You shoot a sling bullet.
The sling bullet closely misses Sigmund.
Sigmund zaps a wand.
The puff of flame hits you.
You shoot a sling bullet. The sling bullet hits Sigmund.
You drain Sigmund.
Sigmund is moderately wounded.
Sigmund gestures wildly while chanting.
Sigmund flickers and vanishes!
Deactivating autopickup; reactivate with Ctrl-A.
You shoot a sling bullet.
You hear a zap.
A puff of flame appears from out of thin air!
The puff of flame misses you.
You shoot a sling bullet. You shoot a sling bullet. Something hits you.
You shoot a sling bullet. You shoot a sling bullet.
Something barely misses you.
You shoot a sling bullet.
You hear a zap.
A puff of flame appears from out of thin air!
The puff of flame hits you!
You shoot a sling bullet. Something hits you.
You shoot a sling bullet. Something hits you!
You shoot a sling bullet.
You hear some strange, mumbled words.
A puff of flame appears from out of thin air!
The puff of flame hits you.
You die...

###.##.###.## ##### ####.# #
....##.##...#######...###.##.#
#
######...................#...#
# #
#######...#######...#.###.#####
# #.....##.## ####.## ##.....
###.###.##.# ##.###.##### ....#
#.##.# ##.#.##
#######.##.######## ##.## #
#...##...<..@.# #.# #
#.#.#########.# #.# ## #
###'### {# #.# #. ###.....## .#
#.# #. ##...}...##
.#######.######. #.........#
................ #.8._._.8.#
##.......####### #.........#
######### ##...}...##


There were no monsters in sight!

Vanquished Creatures
  Jessica (D:2)
  An adder (D:2)
  A worm (D:3)
  3 endoplasms
  3 giant cockroaches
  2 goblins (D:1)
  3 hobgoblins
  7 jackals
  3 quokkas
  2 ball pythons
  4 bats
  3 frilled lizards
  7 kobolds
  3 rats
43 creatures vanquished.

Notes
Turn   | Place    | Note
-------+----------+-------------------------------------------
     0 | D:1      | qw the Minotaur Hexslinger began the quest for the Orb.
     0 | D:1      | Reached XP level 1. HP: 16/16 MP: 1/1
     0 | D:1      | 0 ||| qw: Version: 0.3-a-46-gb1f654a
     0 | D:1      | 0 ||| qw: Game counter: 995
     0 | D:1      | 0 ||| qw: Melee chars always use a shield: true
     0 | D:1      | 0 ||| qw: God list: Okawaru
     0 | D:1      | 0 ||| qw: Allow faded altars: false
     0 | D:1      | 0 ||| qw: Do Orc after clearing Dungeon:15 true
     0 | D:1      | 0 ||| qw: Do second Lair branch before Depths: true
     0 | D:1      | 0 ||| qw: Lair rune preference: random
     0 | D:1      | 0 ||| qw: Goals: Normal
     0 | D:1      | 0 ||| PLANNING D:1-11
    94 | D:1      | HP: 1/16 [kobold/+0 whip (4)]
    96 | D:1      | Reached skill level 3 in Ranged Weapons
   202 | D:1      | Reached XP level 2. HP: 23/23 MP: 2/2
   577 | D:1      | 577 ||| UPGRADING to +0 leather armour.
   587 | D:1      | 587 ||| DROPPING +0 robe.
   588 | D:1      | 588 ||| READING scroll labelled UTEEGY YBBEIRU.
   591 | D:1      | 591 ||| READING scroll labelled ZIONADU RA VYMA.
   592 | D:1      | 592 ||| READING scroll labelled WAKKATUROPH.
   593 | D:1      | 593 ||| DRINKING 3 glowing blue potions.
   594 | D:1      | 594 ||| DROPPING scroll of poison.
   595 | D:1      | 595 ||| DROPPING 2 potions of invisibility.
   781 | D:2      | Noticed Jessica
   783 | D:2      | Killed Jessica
   784 | D:2      | Reached skill level 4 in Ranged Weapons
   784 | D:2      | Reached XP level 3. HP: 29/29 MP: 3/3
   898 | D:2      | Reached XP level 4. HP: 36/36 MP: 4/4
  1174 | D:2      | 1174 ||| READING 3 scrolls labelled JUFURUYNWO.
  1175 | D:2      | 1175 ||| READING scroll labelled WAICZO HEIFIM.
  1176 | D:2      | 1176 ||| READING 2 scrolls of identify.
  1176 | D:2      | 1176 ||| IDENTIFYING coppery potion
  1177 | D:2      | 1177 ||| DROPPING potion of berserk rage.
  1770 | D:3      | Found an opulent altar of Gozag.
  1770 | D:3      | Found a sparkling altar of Nemelex Xobeh.
  1881 | D:3      | Noticed Sigmund
  1891 | D:3      | HP: 1/36 [something (10)]
  1892 | D:3      | Killed from afar by Sigmund

Levels and vault maps discovered:
D:1:      grunt_arrival_crossed_arrows, layout_rooms
D:2:      layout_loops_ring, uniq_jessica
D:3:      layout_loops_ring, grunt_temple_overflow_opulence, uniq_sigmund

Skill      XL: |  1  2 |
---------------+-------+-----
Ranged Weapons | 3 4 |  4.8
Fighting       | 2 |  2.0
Dodging        | |  2.1
Spellcasting   | |  1.0
Hexes          | |  2.0

Action                     |  1- 3 |  4- 6 || total
---------------------------+-------+-------++-------
   Fire: Sling             |    71 |    50 ||   121
    Use: Scroll            |     3 |     3 ||     6
         Potion            |     1 |       ||     1
 Armour: Robe              |     6 |       ||     6
         Leather armour    |     1 |     2 ||     3
  Dodge: Dodged            |    30 |    12 ||    42

Table legend:
 A = Non-vault XP
 B = Vault XP
 C = Vault XP percentage of total XP
 D = Non-vault monster count
 E = Vault monster count
 F = Vault count percentage of total count
                 A         B        C        D         E       F
            +---------+---------+-------+---------+---------+-------
      Total |      86 |      37 |  30.1 |      42 |       1 |   2.3
            +---------+---------+-------+---------+---------+-------
        D:1 |      26 |       0 |   0.0 |      16 |       0 |   0.0
        D:2 |      39 |      37 |  48.7 |      15 |       1 |   6.2
        D:3 |      21 |       0 |   0.0 |      11 |       0 |   0.0
            +---------+---------+-------+---------+---------+-------
